[Event "Early-Titled-Tuesday-Blitz-June-18-2024"]
[Site "Chess.com"]
[Date "2024.06.18"]
[Round "9"]
[White "ChEsper99"]
[Black "sachiniranasinghe"]
[Result "1/2-1/2"]
[WhiteElo "2245"]
[BlackElo "1973"]
[TimeControl "180+1"]
[EndTime "9:49:09 PDT"]
[Termination "Game drawn by agreement"]

1. e4 e6 2. d4 d5 3. e5 c5 4. c3 Nc6 5. Nf3 Bd7 6. Be2 Nge7 7. O-O Nf5 8. Na3 cxd4 9. cxd4 Qb6 10. Nc2 h5 11. b3 Be7 12. h3 Rc8 13. Bb2 a6 14.
Ne3 g6 15. Nxf5 exf5 16. Rc1 Nd8 17. Qd2 Ne6 18. Rxc8+ Bxc8 19. Rc1 Bd7 20. h4 O-O 21. Kh2 Rc8 22. Rxc8+ Bxc8 23. Bc3 Bd7 24. Bd1 Qb5 25. Be2 Qb6 26. g3 Bb5 27. Bd1 Bf1 28. Kg1 Qb5 29. a4 Qd3 30. Qe1 Bh3 31. Kh2 Bg4 32.
Kg2 Bxf3+ 33. Bxf3 Nxd4 34. Bxd5 Ne2 35. Bc4 Qxc3 36. Qxe2 Qd4 37. e6 f6 38. Qf3 Qe4 39. Be2 Qxf3+ 40. Bxf3 b6 41. Bb7 a5 42. Kf3 Kf8 43.
Ke3 Bc5+ 44. Ke2 Ke7 45. Bd5 Kd6 46. Bc4 Ke5 47. f3 Kd4 48. Bb5 g5 49. hxg5 fxg5 50. Be8 h4 51. gxh4 gxh4 52. Kf2 Ke5+ 53. Kg2 Kxe6 54.
Kh3 Be7 55. Bb5 Ke5 56. Bc4 Kf4 57. Bd5 Ke3 58. Bc6 Kd4 59. Bb7 Kc5 60. Ba8 Kb4 61. Bd5 Kc5 62. Be6 Kd4 63. Bxf5 Kc3 64. Be6 Kd4 65. Bc4 Ke5 66. Kg4 Kf6 67. f4 Kg7 68. Kf5 h3 69. Bd5 h2 70. Ke6 Kf8 71. f5 Bh4 72. f6 Bf2 73. Kd7 Bg1 74. Kc6 Bc5 75.
Kb5 Bg1 76. Kc4 Bf2 77. b4 axb4 78. Kxb4 Bg1 79. a5 bxa5+ 80. Kxa5 Bd4 81. Kb5 Bxf6 82. Bh1 Kg7 83. Kc4 Kg6 84. Kd3 Kg5 85. Ke2 Kg4 86. Kf1 Kg3 87. Bc6 Be5 88. Bh1 Kf4 89. Bb7 Kg5 90. Bh1 Kf6 91. Bc6 Ke7 92. Bh1 Kd6 93. Kg2 Kc5 1/2-1/2

[Event "Early-Titled-Tuesday-Blitz-June-18-2024"]
[Site "Chess.com"]
[Date "2024.06.18"]
[Round "9"]
[White "ilqar_74"]
[Black "vladgoncharov"]
[Result "1/2-1/2"]
[WhiteElo "2824"]
[BlackElo "2673"]
[TimeControl "180+1"]
[EndTime "9:49:16 PDT"]
[Termination "Game drawn by repetition"]

1. e4 e6 2. d4 d5 3. Nc3 Nf6 4. e5 Nfd7 5. f4 c5 6. Nf3 Nc6 7. Be3 a6 8. Be2 b5 9. dxc5 Bxc5 10. Bxc5 Nxc5 11. Nd4 Qb6 12. Nxc6 Qxc6 13. Qd4 Nd7 14. Bd3 Qc5 15. Qxc5 Nxc5 16. Ne2 Bd7 17. Nd4 Ke7 18. Kd2 f6 19. Rhe1 Raf8 20. g3 fxe5 21.
Rxe5 Kd6 22. Rae1 g6 23. h4 Rf6 24. b3 Rhf8 25. Rh1 h6 26. h5 g5 27. Ne2 gxf4 28. gxf4 Rg8 29. Re3 Rg2 30. Kc1 Nxd3+ 31. cxd3 b4 32.
Re1 Rh2 33. Re5 Rf5 34. Rxf5 exf5 35. Nd4 Rxa2 36. Re5 a5 37. Nc2 a4 38. Nxb4 Rh2 39. Rxd5+ Ke6 40. Re5+ Kd6 41. bxa4 Bxa4 42. Rd5+ Ke6 43.
Re5+ Kd6 44. Rxf5 Be8 45. Rd5+ Ke6 46. Re5+ Kd7 47. Nd5 Bf7 48. Nf6+ Kd6 49. Ne4+ Kc6 50. Nf6 Rh4 51. Re7 Bxh5 52. Nxh5 Rxh5 53. Kd2 Rh3 54. Re5 Kd6 55. Re8 h5 56. Ke2 h4 57. Rh8 Ke6 58. Rh5 Kf6 59. d4 Kg6 60. Rg5+ Kf6 61. d5 Ra3 62. Rh5 h3 63. Kf2 Rd3 64. Ke2 Ra3 65.
Kf2 Rd3 66. Kg1 Rd2 67. Kh1 Kg6 68. Rg5+ Kf6 69. Rh5 Kg6 70. Rxh3 Rxd5 71. Kg2 Rd4 72. Rh4 Kf5 73. Kf3 Rd3+ 74. Ke2 Ra3 75. Kf2 Rb3 76. Ke2 Ra3 77. Kd2 Rb3 78. Kc2 Rf3 79.
Kd2 Rxf4 80. Rh8 Ra4 81. Ke3 Ke5 82. Rh5+ Kf6 83. Rh6+ Ke5 84. Rb6 Kd5 85. Rh6 Ke5 86. Rh5+ Kf6 87. Kf3 Kg6 88. Rb5 Kf6 89. Rb8 Rc4 90.
Rf8+ Ke6 91. Rh8 Ra4 92. Ke3 Kf6 93. Kd3 Ke5 94. Kc3 Ke6 95. Kb3 Rg4 96. Rh6+ Kf5 97. Kc3 Ke5 98. Rh5+ Ke6 99. Kd3 Kd6 100. Ke3 Ke6 101. Rb5 Ra4 102. Rb6+ Ke5 103. Rb5+ Ke6 104. Rb6+ Ke5 105. Rb5+ Ke6 1/2-1/2

[Event "Early-Titled-Tuesday-Blitz-June-18-2024"]
[Site "Chess.com"]
[Date "2024.06.18"]
[Round "9"]
[White "Oleg_Papayan"]
[Black "salomez"]
[Result "1/2-1/2"]
[WhiteElo "2551"]
[BlackElo "2366"]
[TimeControl "180+1"]
[EndTime "9:49:16 PDT"]
[Termination "Game drawn by 50-move rule"]

1. d4 Nf6 2. Nc3 g6 3. e4 d6 4. Nf3 Bg7 5. Be2 O-O 6. O-O c6 7.
a4 a6 8. a5 Nbd7 9. h3 Qc7 10.
Re1 e5 11. dxe5 dxe5 12. Bc4 h6 13. b3 Rd8 14. Qe2 Nf8 15. Be3 Re8 16. Bb6 Qe7 17. Rad1 Ne6 18. Nxe5 Nf4 19. Bxf7+ Qxf7 20. Nxf7 Nxe2+ 21.
Rxe2 Kxf7 22. e5 Nd5 23. Nxd5 cxd5 24. Rxd5 Bxe5 25. Rdxe5 Bf5 26. c4 Rxe5 27. Rxe5 Re8 28. Rc5 Re1+ 29. Kh2 Rb1 30. Rc7+ Ke6 31. Rxb7 Rxb3 32.
Ra7 Bd3 33. c5 Rc3 34. Ra8 h5 35. h4 Kd5 36. Rd8+ Kc6 37. Rd6+ Kb7 38. f3 Bf5 39.
Kg3 Rc2 40. Rf6 Bd3 41. Rd6 Bf5 42. Rd1 Rc4 43. Rg1 Kc6 44. Kf2 Rxh4 45. Ke3 Rc4 46. Rd1 Rc2 47. g4 hxg4 48. fxg4 Bxg4 49. Rd6+ Kb7 50. Rxg6 Bh3 51. Rg7+ Kc6 52. Rh7 Bg2 53. Rh6+ Kb7 54. Kd4 Bf3 55. Ke5 Bg2 56. Rh7+ Kc6 57. Rc7+ Kb5 58. Kd6 Rd2+ 59. Ke7 Bc6 60. Rc8 Rd7+ 61.
Ke6 Rd2 62. Rb8 Bd7+ 63. Ke5 Kc6 64. Ra8 Kb5 65. Ra7 Bc6 66. Rc7 Rd5+ 67. Ke6 Rd1 68. Ke7 Rd2 69. Rc8 Rd7+ 70. Kf6 Rd1 71. Rh8 Rf1+ 72.
Ke7 Rd1 73. Rh4 Rd7+ 74. Kf6 Rd1 75. Rh2 Bb7 76. Rb2+ Kc6 77. Ba7 Kc7 78. Rb6 Rd2 79. Rb4 Rd1 80. Bb6+ Kc6 81. Ke5 Rd2 82. Ba7 Rd5+ 83.
Ke4 Rd1 84. Ke3 Kc7 85. Ke2 Rd5 86. Rf4 Rd7 87. Rf6 Bc6 88. Ke3 Rd5 89. Rf7+ Rd7 90. Rf6 Rd5 91. Bb6+ Kb7 92. Rf8 Rd7 93. Kf4 Rd4+ 94.
Ke5 Rd5+ 95. Ke6 Rd1 96. Rf7+ Kc8 97. Rf8+ Kb7 98. Rf7+ Kb8 99. Rc7 Bb7 100. Ke5 1/2-1/2

[Event "Early-Titled-Tuesday-Blitz-June-18-2024"]
[Site "Chess.com"]
[Date "2024.06.18"]
[Round "9"]
[White "A4RookA3"]
[Black "NigiriSushies"]
[Result "1-0"]
[WhiteElo "2436"]
[BlackElo "2306"]
[TimeControl "180+1"]
[EndTime "9:49:18 PDT"]
[Termination "A4RookA3 won by checkmate"]

1. d4 Nf6 2. Nc3 d5 3. Bf4 e6 4. Nb5 Na6 5. e3 c6 6. Nc3 Be7 7. Nf3 O-O 8. Bd3 Nb4 9. Be2 a5 10. a3 Na6 11. Bd3 b5 12. Ne5 Qb6 13. Qf3 b4 14.
Na4 Qb7 15. Qh3 bxa3 16. bxa3 c5 17. dxc5 Nxc5 18. Nxc5 Qb2 19. O-O Bxc5 20. Rab1 Qxa3 21. Ng4 Ne4 22. f3 Ba6 23. fxe4 Bxd3 24. cxd3 Qxd3 25. exd5 exd5 26. Rbd1 Qe4 27. Qg3 Ra6 28. Be5 Rg6 29. Rf4 Rxg4 30. Rxg4 Qxe3+ 31. Qxe3 Bxe3+ 32. Kh1 f6 33. Bd4 Bh6 34. Bc5 Rd8 35. Rgd4 a4 36.
Rxd5 Re8 37. Rd8 Rxd8 38. Rxd8+ Kf7 39. Ra8 Bd2 40. Rxa4 Kg6 41. Ra7 h5 42. Bg1 Bh6 43. h3 h4 44. Ra6 Kh5 45. Bf2 f5 46. Ra4 g5 47. Kg1 Bg7 48. Ra5 Kg6 49. Rb5 Bf6 50. Rb6 Kg7 51. Kf1 g4 52. hxg4 fxg4 53. Rb4 g3 54.
Be3 Kg6 55. Rg4+ Kf5 56. Rf4+ Kg6 57. Ke2 Kg7 58. Kf3 Kg6 59. Rg4+ Kh5 60. Rg8 Be5 61. Rg5+ Kh6 62. Rxe5+ Kh7 63. Kg4 Kg6 64. Kh3 Kh7 65. Re4 Kg6 66. Rxh4 Kf6 67. Rg4 Kf5 68. Rxg3 Ke4 69. Rf3 Kd3 70. Kg3 Ke2 71. Bf4 Ke1 72. Bd2+ Ke2 73. Bc3 Kd1 74. Kf2 Kc1 75. g4 Kb1 76.
Bd2 Ka2 77. g5 Kb2 78. Ke3 Kc2 79. Bc3 Kd1 80. Bd4 Kc2 81. Rf2+ Kc1 82. Ke4 Kb1 83.
Ke3 Kc1 84. Ke4 Kb1 85. Kf3 Kc1 86. Rg2 Kd1 87. Rf2 Ke1 88. Kg4 Kd1 89. Kh5 Kc1 90. Kh6 Kb1 91. Kh7 Kc1 92. Kh8 Kd1 93. Kg8 Kc1 94. Kf8 Kb1 95. Ke8 Kc1 96. Kd8 Kd1 97.
Kc8 Kc1 98. Kb8 Kb1 99. Ka8 Kc1 100. Ka7 Kb1 101. Ka6 Kc1 102. Ka5 Kb1 103. Ka4 Kc1 104. Ka3 Kb1 105. Kb3 Kc1 106. Kb4 Kb1 107. Kb5 Kc1 108. Kb6 Kb1 109. Kb7 Kc1 110. Kc7 Kb1 111. Kc6 Kc1 112. Kc5 Kb1 113. Kc4 Kc1 114. Kc3 Kb1 115. Kd3 Kc1 116. Kc4 Kb1 117. Kd5 Kc1 118. Kd6 Kb1 119. Kd7 Kc1 120. g6 Kb1 121. Ke6 Kc1 122. Kf5 Kb1 123. Kg4 Kc1 124. Kh3 Kb1 125. Kh4 Kc1 126. Kh5 Kb1 127. Kh6 Kc1 128. Kh7 Kb1 129. Kh8 Kc1 130. Kg7 Kb1 131. Kg8 Kc1 132. Kf8 Kb1 133. Ke8 Kc1 134. Kd8 Kb1 135. Kc8 Kc1 136. Kb8 Kb1 137. Ka8 Kc1 138. Ka7 Kb1 139. Ka6 Kc1 140. Ka5 Kb1 141. Ka4 Kc1 142. Ka3 Kb1 143. Kb3 Kc1 144. Kb4 Kb1 145. Kb5 Kc1 146. Kb6 Kb1 147. Kb7 Kc1 148. Kb8 Kb1 149. Kc8 Kc1 150. Kc7 Kb1 151. Kc6 Kc1 152. Kc5 Kb1 153. Kc4 Kc1 154. Kc3 Kb1 155. Kd3 Kc1 156. Ke3 Kb1 157. Ke4 Kc1 158. Kf4 Kb1 159. Kf3 Kc1 160. Kg3 Kb1 161. Kh3 Kc1 162. Kg4 Kb1 163. Kh4 Kc1 164. Kg5 Kb1 165. Kh5 Kc1 166. Kh6 Kb1 167. Kh7 Kc1 168. Kh8 Kb1 169. g7 Kc1 170. Kh7 Kb1 171. Kh6 Kc1 172. Kh5 Kb1 173. Kh4 Kc1 174. Kh3 Kb1 175. Kh2 Kc1 176. Kg2 Kb1 177. Kg3 Kc1 178. Kf3 Kb1 179. Ke3 Kc1 180. Kd3 Kb1 181. Kc3 Kc1 182. Kb3 Kb1 183. Ka3 Kc1 184. Ka4 Kb1 185. Kb4 Kc1 186. Kc4 Kb1 187. Kc5 Kc1 188. Kb5 Kb1 189. Ka5 Kc1 190. Ka6 Kb1 191. Kb6 Kc1 192. Kc6 Kb1 193. Kd5 Kc1 194. Ke4 Kb1 195. Ke5 Kc1 196. g8=R Kb1 197. Rg1# 1-0

[Event "Early-Titled-Tuesday-Blitz-June-18-2024"]
[Site "Chess.com"]
[Date "2024.06.18"]
[Round "9"]
[White "aot317"]
[Black "bubeliang"]
[Result "0-1"]
[WhiteElo "2528"]
[BlackElo "2777"]
[TimeControl "180+1"]
[EndTime "9:49:51 PDT"]
[Termination "bubeliang won by checkmate"]

1. d4 g6 2. e4 Bg7 3. Nc3 c6 4. Be3 d5 5. e5 h5 6. Bd3 Nh6 7. Nf3 Nf5 8. Qd2 Na6 9. O-O-O b5 10. Bg5 Qa5 11. Kb1 Be6 12. h3 h4 13. Rhe1 Nb4 14. Bf1 Rb8 15. a3 Na6 16. Ne2 b4 17. Nc1 Qa4 18. axb4 Nxb4 19. c3 Na6 20. Qc2 Qa5 21. Bd3 O-O 22. Nb3 Qb6 23. Bxa6 Qxa6 24. Nc5 Qc8 25. Nxe6 Qxe6 26. Nxh4 Nxh4 27. Bxh4 Rb7 28.
Re2 Rfb8 29. Qa4 Qf5+ 30. Ka2 c5 31. dxc5 Qe6 32. Rd4 Bxe5 33. f4 Bxd4 34. Rxe6 Rxb2+ 35. Ka3 Bxc5+ 36. Qb4 Bxb4+ 37. Kxb2 Bd6+ 38. Kc2 fxe6 39. g3 Kf7 40. Kd3 Rc8 41. Bg5 a5 42. g4 a4 43. Kc2 a3 44. Kb3 Rb8+ 45. Ka2 Rb2+ 46.
Ka1 Rh2 47. h4 e5 48. f5 gxf5 49. gxf5 e4 50. Kb1 a2+ 51. Ka1 Be5 52. Bd2 Rxd2 53.
f6 exf6 54. h5 Rh2 55. h6 Rxh6 56. Kxa2 Rh3 57. Kb3 Rxc3+ 58. Kb4 Ke6 59. Kb5 Kf5 60. Kb4 Kg4 61. Kb5 Kg3 62. Kb4 Kg2 63. Ka4 Kg1 64. Ka5 f5 65. Kb6 Kh2 66. Ka7 Kh3 67. Ka8 Kh4 68.
Kb7 Kh5 69. Ka7 Kh6 70. Kb6 Kh7 71. Ka5 Kh8 72. Kb4 Kg8 73. Kb5 Kf8 74. Ka6 Ke8 75. Kb7 Kd8 76. Ka8 Kd7 77. Ka7 f4 78. Ka6 Ke6 79. Kb5 Kf5 80. Ka4 Kg4 81. Kb4 Kh3 82.
Ka5 Kh2 83. Kb5 Kh1 84. Kb6 Kg1 85. Kb7 Kg2 86. Ka8 Kg3 87. Ka7 Kh4 88. Ka6 f3 89. Ka5 Kh5 90. Kb6 Kh6 91. Kb5 Kh7 92. Kb4 Kh8 93.
Ka4 Kg8 94. Ka5 Kf8 95. Kb6 Kf7 96. Kb7 Kf6 97. Ka8 Kf5 98. Kb7 e3 99. Ka7 Ke6 100.
Ka6 Ke7 101. Kb5 Ke8 102. Ka5 Kd8 103. Kb6 Kd7 104. Kb5 Kd6 105. Kb4 d4 106. Ka4 Bg7 107. Ka5 Ke5 108. Kb5 Kf4 109. Kb6 Kg3 110. Ka6 f2 111. Ka7 Kf3 112. Kb7 Kg4 113. Ka8 Kh5 114. Ka7 e2 115. Kb7 Kg6 116. Kb6 d3 117. Ka6 Kg5 118. Ka7 Kh4 119. Kb7 Kh3 120. Ka8 Kh2 121. Ka7 Kg2 122. Kb7 Bd4 123. Ka6 Ba7 124. Ka5 Bb6+ 125. Kb5 Rc2 126. Ka6 Kf1 127. Kb7 Ke1 128. Ka8 Kd2 129. Kb7 Ba7 130. Ka6 Rb2 131. Ka5 Bb6+ 132. Ka6 Ba5 133. Ka7 Rb3 134. Ka6 Kc3 135. Ka7 d2 136. Ka6 Kc4 137. Ka7 Kc5 138. Ka6 Kc6 139. Ka7 Bc7 140. Ka6 Rb5 141. Ka7 Bb8+ 142. Ka8 Ba7 143. Kxa7 Rb2 144. Ka6 d1=R 145. Ka5 Rc1 146. Ka4 e1=R 147. Ka3 Rbb1 148. Ka4 f1=R 149. Ka5 Kc5 150. Ka6 Kc4 151. Ka7 Kc3 152. Ka8 Rf2 153. Ka7 Red1 154. Ka6 Rfb2 155. Ka5 Kb3 156. Kb5 Ka3+ 157. Ka5 Ra2 158. Ka6 Kb2+ 159. Kb5 Ka1# 0-1

[Event "Early-Titled-Tuesday-Blitz-June-18-2024"]
[Site "Chess.com"]
[Date "2024.06.18"]
[Round "10"]
[White "ManMish2"]
[Black "Hamisandwich"]
[Result "1-0"]
[WhiteElo "2672"]
[BlackElo "2744"]
[TimeControl "180+1"]
[EndTime "9:51:55 PDT"]
[Termination "ManMish2 won by resignation"]

1. e4 d6 2. d4 Nf6 3. Nc3 e5 4. Nf3 Nbd7 5. Bc4 Be7 6. O-O O-O 7. h3 a6 8. a4 b6 9. Nd5 Bb7 10. dxe5 dxe5 11. Re1 h6 12. b3 Bb4 13. Nxb4 1-0

[Event "Early-Titled-Tuesday-Blitz-June-18-2024"]
[Site "Chess.com"]
[Date "2024.06.18"]
[Round "10"]
[White "carloseduar100"]
[Black "Smiechu"]
[Result "1-0"]
[WhiteElo "2267"]
[BlackElo "2327"]
[TimeControl "180+1"]
[EndTime "9:52:31 PDT"]
[Termination "carloseduar100 won by resignation"]

1. e4 c5 2. Nf3 g6 3. Nc3 Nc6 4.
Bc4 Bg7 5. O-O d6 6. Re1 Nf6 7. h3 O-O 8. d4 cxd4 9. Nxd4 Nxe4 10. Rxe4 d5 11. Bxd5 Nxd4 12. Rxd4 e6 13. Bxb7 Bxd4 14. Bxa8 Ba6 15. Bh6 Bxc3 16. Bxf8 Qxf8 17. bxc3 Qxa8 18. Rb1 Qe4 19. Rb8+ Kg7 20. Qd4+ Qxd4 21. cxd4 1-0

[Event "Early-Titled-Tuesday-Blitz-June-18-2024"]
[Site "Chess.com"]
[Date "2024.06.18"]
[Round "10"]
[White "Roachelley"]
[Black "cthulhuuu"]
[Result "0-1"]
[WhiteElo "2543"]
[BlackElo "2394"]
[TimeControl "180+1"]
[EndTime "9:52:41 PDT"]
[Termination "cthulhuuu won by resignation"]

1. Nf3 Nf6 2. e3 g6 3. b3 Bg7 4.
Bb2 O-O 5. Be2 d6 6. O-O e5 7. d4 e4 8. Nfd2 Re8 9. c4 Bf5 10. Nc3 Nbd7 11. Qc2 c6 12. b4 h5 13. Qb3 Nf8 14. d5 N8h7 15. Rad1 Ng4 16. h3 Qh4 17.
hxg4 hxg4 18. g3 Qh5 19. Ncxe4 Bxe4 20. Nxe4 Rxe4 21. Bxg7 Kxg7 22. Qc3+ f6 23. Rd4 Ng5 0-1

[Event "Early-Titled-Tuesday-Blitz-June-18-2024"]
[Site "Chess.com"]
[Date "2024.06.18"]
[Round "10"]
[White "DonCiao"]
[Black "dianamirza"]
[Result "1-0"]
[WhiteElo "2084"]
[BlackElo "1783"]
[TimeControl "180+1"]
[EndTime "9:52:44 PDT"]
[Termination "DonCiao won by checkmate"]

1. c4 c5 2. g3 Nc6 3. Bg2 g6 4. Nc3 Bg7 5. Nf3 e6 6. d3 Nge7 7. Bg5 O-O 8. Qd2 d5 9. Bh6 d4 10. Ne4 b6 11. h4 Bb7 12. h5 Nf5 13. Bxg7 Nxg7 14. hxg6 fxg6 15. Qh6 Kf7 16. Nfg5+ Ke8 17. Qxg7 Rf7 18. Qxf7# 1-0

[Event "Early-Titled-Tuesday-Blitz-June-18-2024"]
[Site "Chess.com"]
[Date "2024.06.18"]
[Round "10"]
[White "maurovargas01"]
[Black "HanSchut"]
[Result "0-1"]
[WhiteElo "1947"]
[BlackElo "2226"]
[TimeControl "180+1"]
[EndTime "9:53:18 PDT"]
[Termination "HanSchut won by checkmate"]

1. e4 c5 2. Nc3 Nc6 3. f4 g6 4.
Nf3 Bg7 5. Bb5 Nd4 6. Nxd4 cxd4 7. Ne2 a6 8. Bc4 e6 9. d3 Ne7 10. O-O d5 11. Bb3 dxe4 12. dxe4 O-O 13. e5 Nc6 14. Ba4 b5 15. Bb3 Bb7 16. Qe1 Qb6 17. Kh1 Rad8 18. Qh4 Na5 19. Bd2 Qc6 20. Bb4 Qxg2# 0-1

[Event "Early-Titled-Tuesday-Blitz-June-18-2024"]
[Site "Chess.com"]
[Date "2024.06.18"]
[Round "10"]
[White "Lady_Nika"]
[Black "Defenstrator"]
[Result "1-0"]
[WhiteElo "2522"]
[BlackElo "2387"]
[TimeControl "180+1"]
[EndTime "9:53:20 PDT"]
[Termination "Lady_Nika won by resignation"]

1. e4 d5 2. exd5 Qxd5 3. Nc3 Qd6 4. Nf3 e5 5. Be2 f5 6. d4 e4 7. Ne5 Nc6 8. Nb5 Qd8 9. Bf4 Nce7 10. Bc4 Ng6 11.
Bf7+ Ke7 12. Bxg6 hxg6 13. Nxg6+ Kf6 14. Nxh8 Bd6 15. Bg5+ 1-0

[Event "Early-Titled-Tuesday-Blitz-June-18-2024"]
[Site "Chess.com"]
[Date "2024.06.18"]
[Round "10"]
[White "Fore_Man"]
[Black "milovichalex"]
[Result "0-1"]
[WhiteElo "2174"]
[BlackElo "2387"]
[TimeControl "180+1"]
[EndTime "9:53:21 PDT"]
[Termination "milovichalex won by resignation"]

1. Nf3 Nf6 2. g3 d5 3. Bg2 c6 4. O-O Bg4 5. d4 Nbd7 6. Nbd2 e6 7. c4 Be7 8. b3 O-O 9. Bb2 Re8 10. Ne5 Nxe5 11. dxe5 Nd7 12. cxd5 exd5 13. h3 Be6 14. e4 dxe4 15. Nxe4 Qc7 16. f4 Bd5 17. Rc1 Qb6+ 18.
Bd4 Qa6 19. Qc2 Nf8 20. Nc5 Bxc5 21. Bxc5 Bxg2 22. Kxg2 Ne6 23. Bd6 g6 24. g4 Nd4 25.
Qd2 Nb5 26. f5 Nxd6 27. exd6 Re2+ 0-1

[Event "Early-Titled-Tuesday-Blitz-June-18-2024"]
[Site "Chess.com"]
[Date "2024.06.18"]
[Round "10"]
[White "KubaGepard"]
[Black "HansOnTwitch"]
[Result "0-1"]
[WhiteElo "2660"]
[BlackElo "3132"]
[TimeControl "180+1"]
[EndTime "9:53:39 PDT"]
[Termination "HansOnTwitch won by resignation"]

1. d4 Nf6 2. Nf3 g6 3. g3 Bg7 4. Bg2 O-O 5. O-O d6 6. Re1 Nc6 7. e4 Bg4 8. c3 e5 9. h3 Bxf3 10. Bxf3 Nd7 11. Be3 Qf6 12. d5 Nd8 13. Bg2 Qe7 14. Nd2 f5 15. exf5 gxf5 16. f4 Nf7 17.
fxe5 dxe5 18. Qb3 Nd6 19. Nc4 b6 20. Bf2 Kh8 21. Rad1 e4 22. Ne3 Ne5 23. Re2 f4 24. gxf4 Rxf4 25. Bg3 Nf3+ 26. Kh1 Qg5 27. Bxf4 Qxf4 28.
Nf1 Nf5 29. Qc2 Qh2+ 0-1

[Event "Early-Titled-Tuesday-Blitz-June-18-2024"]
[Site "Chess.com"]
[Date "2024.06.18"]
[Round "10"]
[White "Sic_Transit_GM"]
[Black "LuisFSiles"]
[Result "1-0"]
[WhiteElo "2567"]
[BlackElo "2337"]
[TimeControl "180+1"]
[EndTime "9:53:44 PDT"]
[Termination "Sic_Transit_GM won by resignation"]

1. Nf3 Nf6 2. c4 g6 3. b4 Bg7 4. Bb2 O-O 5. g3 d5 6. cxd5 Nxd5 7.
Bxg7 Kxg7 8. Qb3 Be6 9. Bg2 Nc6 10. b5 Nf6 11. Qb2 Na5 12. d3 c6 13. a4 Nb3 14.
Ra3 Qa5+ 15. Nbd2 Nxd2 16. Qxd2 Qb6 17. O-O cxb5 18. Rb1 a6 19. axb5 axb5 20. Rxa8 Rxa8 21. Qb4 Ra2 22. Nd4 Bd5 23. e4 Ra4 24. Qxa4 1-0

[Event "Early-Titled-Tuesday-Blitz-June-18-2024"]
[Site "Chess.com"]
[Date "2024.06.18"]
[Round "10"]
[White "teresin05"]
[Black "Weifd"]
[Result "0-1"]
[WhiteElo "2289"]
[BlackElo "2368"]
[TimeControl "180+1"]
[EndTime "9:53:46 PDT"]
[Termination "Weifd won by resignation"]

1. e4 c5 2. Nf3 e6 3. d4 cxd4 4. Nxd4 a6 5. c4 Nf6 6. Nc3 Bb4 7. Qd3 d5 8. exd5 exd5 9. Be2 O-O 10. O-O Nc6 11.
Nxc6 bxc6 12. cxd5 cxd5 13. Bg5 Be6 14. Bf3 Rc8 15.
Bxf6 Qxf6 16. Nxd5 Bxd5 17. Bxd5 Rfd8 18. Qb3 Bd6 19. Rad1 Rb8 20. Qc4 Rxb2 21. Qxa6 Bxh2+ 22. Kxh2 Qxa6 23. Bb7 Qh6+ 24. Kg1 Rxd1 25. Rxd1 Qb6 26. a4 Qxf2+ 27. Kh1 g6 28. a5 Qc2 29. Bf3 Qxd1+ 30. Bxd1 Rb1 0-1

[Event "Early-Titled-Tuesday-Blitz-June-18-2024"]
[Site "Chess.com"]
[Date "2024.06.18"]
[Round "10"]
[White "Rosh1610"]
[Black "gpsji27"]
[Result "1-0"]
[WhiteElo "2484"]
[BlackElo "2338"]
[TimeControl "180+1"]
[EndTime "9:53:49 PDT"]
[Termination "Rosh1610 won by resignation"]

1. e4 e5 2. Nf3 Nc6 3. Bb5 a6 4. Ba4 Nf6 5. O-O Be7 6. Re1 O-O 7. Bxc6 dxc6 8. Nxe5 Bc5 9. c3 Re8 10. d4 Bb6 11.
Bg5 h6 12. Bh4 g5 13. Bg3 Be6 14. Nd2 c5 15. d5 Bd7 16. Ndc4 Bb5 17. Nxb6 cxb6 18.
c4 Bd7 19. f3 Nh5 20. Nd3 Nxg3 21. hxg3 Qf6 22. e5 Qg6 23. Nf2 Bf5 24. g4 Bc2 25. Qd2 Ba4 26. Ne4 Rxe5 27. Qc3 Rae8 28. b3 Bd7 29.
Nf2 Qf6 30. Rxe5 Qxe5 31. Qxe5 Rxe5 32. Kf1 b5 33. Nd3 Re3 34. Nxc5 Bc8 35. d6 bxc4 36.
bxc4 b6 37. d7 Bxd7 38. Nxd7 1-0

[Event "Early-Titled-Tuesday-Blitz-June-18-2024"]
[Site "Chess.com"]
[Date "2024.06.18"]
[Round "10"]
[White "Attacker_2006"]
[Black "alexrustemov"]
[Result "0-1"]
[WhiteElo "2527"]
[BlackElo "2866"]
[TimeControl "180+1"]
[EndTime "9:54:00 PDT"]
[Termination "alexrustemov won by resignation"]

1. e4 e6 2. d4 d5 3. Nc3 dxe4 4. Nxe4 Bd7 5. Nf3 Bc6 6. Bd3 Nd7 7. Qe2 Ngf6 8. Bg5 Be7 9. Nxf6+ Bxf6 10. Bxf6 Qxf6 11.
Be4 Bxe4 12. Qxe4 c6 13. O-O Qg6 14. Rfe1 Qxe4 15. Rxe4 O-O 16. c4 Rfd8 17. Rd1 Kf8 18. Re2 Nf6 19. Red2 Rd6 20. b3 Rad8 21. Kf1 Ke7 22.
Rd3 a5 23. Ne1 a4 24. f3 Ra8 25. b4 b5 26. cxb5 cxb5 27. Rc1 Nd5 28. a3 Nf4 29. Rdd1 Rad8 30. g3 Nd5 31. Rc5 Ne3+ 0-1

[Event "Early-Titled-Tuesday-Blitz-June-18-2024"]
[Site "Chess.com"]
[Date "2024.06.18"]
[Round "10"]
[White "Zohid6"]
[Black "Korona_91"]
[Result "1-0"]
[WhiteElo "2962"]
[BlackElo "2678"]
[TimeControl "180+1"]
[EndTime "9:54:00 PDT"]
[Termination "Zohid6 won by checkmate"]

1. e4 e5 2. Nf3 Nc6 3. Bb5 a6 4. Ba4 Nf6 5. O-O Be7 6. Re1 b5 7. Bb3 O-O 8. h3 Bb7 9. Nc3 d6 10. a3 Nd4 11. Ba2 c5 12. d3 h6 13. b4 Rc8 14. bxc5 Nxf3+ 15. Qxf3 dxc5 16. Bb2 Bd6 17. a4 b4 18. Nd5 Nxd5 19. Bxd5 Bxd5 20. exd5 f6 21.
Re4 Rf7 22. Rae1 Rd7 23. Rg4 Bf8 24. Bc1 Kh8 25. Rg6 Qe8 26. Qf5 Qf7 27. Re4 Rcd8 28. Reg4 Rxd5 29. Bxh6 gxh6 30. Rxf6 Qe7 31. Rf7 Qxf7 32.
Qxf7 R5d7 33. Rg8# 1-0

[Event "Early-Titled-Tuesday-Blitz-June-18-2024"]
[Site "Chess.com"]
[Date "2024.06.18"]
[Round "10"]
[White "lamomiajunior"]
[Black "ATM622"]
[Result "1-0"]
[WhiteElo "2717"]
[BlackElo "2528"]
[TimeControl "180+1"]
[EndTime "9:54:11 PDT"]
[Termination "lamomiajunior won by resignation"]

1. d4 d5 2. Nc3 Nf6 3. Bf4 e6 4. Nb5 Na6 5. e3 c6 6. Nc3 Nc7 7. Nf3 Bb4 8. Bd3 Ne4 9. O-O f5 10. Ne2 O-O 11. a3 Be7 12. h3 c5 13. c4 cxd4 14.
Nexd4 Bd6 15. Bxd6 Qxd6 16. Rc1 Bd7 17. cxd5 exd5 18. b4 Rac8 19. Ne2 Bb5 20. Rxc7 Bxd3 21. Rxc8 1-0

[Event "Early-Titled-Tuesday-Blitz-June-18-2024"]
[Site "Chess.com"]
[Date "2024.06.18"]
[Round "10"]
[White "Alexchess1984"]
[Black "LeRoidesChampions"]
[Result "0-1"]
[WhiteElo "2553"]
[BlackElo "2670"]
[TimeControl "180+1"]
[EndTime "9:54:25 PDT"]
[Termination "LeRoidesChampions won by checkmate"]

1. e4 Nf6 2. e5 Nd5 3. c4 Nb6 4. c5 Nd5 5. Bc4 e6 6. d4 b6 7.
Bxd5 exd5 8. cxb6 axb6 9. Nc3 Bb7 10. Nh3 Ba6 11. Nxd5 Nc6 12. Bg5 Qb8 13. a3 Qb7 14.
Rc1 h6 15. Bh4 g5 16. Nf6+ Kd8 17. Bg3 Nb4 18. axb4 Bxb4+ 19. Rc3 Qxg2 20. Qg4 Qxh1+ 21.
Kd2 Bxc3+ 22. bxc3 Bb5 23. f3 Ra2+ 24. Ke3 Qc1+ 25.
Ke4 Qe3+ 26. Kxe3 Re2# 0-1

[Event "Early-Titled-Tuesday-Blitz-June-18-2024"]
[Site "Chess.com"]
[Date "2024.06.18"]
[Round "10"]
[White "KinKaiser"]
[Black "SujanaLohani"]
[Result "0-1"]
[WhiteElo "2448"]
[BlackElo "2293"]
[TimeControl "180+1"]
[EndTime "9:54:25 PDT"]
[Termination "SujanaLohani won by resignation"]

1. e4 c5 2. Nf3 e6 3. d4 cxd4 4. Nxd4 Nc6 5. c4 Nf6 6. Nc3 Bb4 7. Nb5 Nxe4 8. a3 Nxc3 9. bxc3 Be7 10. Nd6+ Bxd6 11.
Qxd6 Qf6 12. Bd2 Qe5+ 13. Qxe5 Nxe5 14. Bf4 Nc6 15. Bd6 b6 16. Be2 Ba6 17. c5 Bxe2 18.
Kxe2 bxc5 19. Bxc5 f5 20. Rab1 O-O-O 21. Bd6 Rdg8 22.
Rb7 Kxb7 0-1

[Event "Early-Titled-Tuesday-Blitz-June-18-2024"]
[Site "Chess.com"]
[Date "2024.06.18"]
[Round "10"]
[White "UK_23"]
[Black "chess123456s"]
[Result "0-1"]
[WhiteElo "2417"]
[BlackElo "2609"]
[TimeControl "180+1"]
[EndTime "9:54:29 PDT"]
[Termination "chess123456s won by resignation"]

1. e4 c5 2. Nf3 d6 3. d4 cxd4 4. Nxd4 Nf6 5. Nc3 g6 6. Be2 Bg7 7. O-O O-O 8. Be3 Nc6 9. Nb3 Be6 10. f4 Rc8 11. Bf3 Na5 12. Nxa5 Qxa5 13. Qe1 Ng4 14.
Bxg4 Bxg4 15. Nd5 Qd8 16. c3 a6 17. Qh4 e6 18. Qxg4 exd5 19. exd5 Re8 20. Rfe1 Qa5 21. Qf3 Qb5 22. Re2 Rc4 23. Rae1 Rce4 24. Kf2 Qxd5 25. b3 Bxc3 26. Rc1 Bd2 27. Bxd2 Rxe2+ 28. Qxe2 Rxe2+ 0-1